 Dungeon Crawl Stone Soup version 0.29.1-4-g47bece8355 (webtiles) character file.

Game seed: 10669404090807308028

1423 mortz the Conjurer (level 8, -1/46 HPs)
             Began as a Deep Elf Conjurer on Dec 12, 2022.
             Was an Initiate of Vehumet.
             Engulfed by a steam dragon's steam (6 damage)
             ... on level 6 of the Dungeon.
             The game lasted 00:23:15 (6480 turns).

mortz the Conjurer (Deep Elf Conjurer)              Turns: 6480, Time: 00:23:16

Health: -1/46      AC:  3    Str:  4    XL:     8   Next: 44%
Magic:  12/19      EV: 12    Int: 26    God:    Vehumet [......]
Gold:   256        SH:  0    Dex: 15    Spells: 12/19 levels left

rFire   . . .      SeeInvis .   y - +8 mace "Killer Bee's Regret" {flame, rElec Dex+2 Stlth+}
rCold   . . .      Faith    .   (no shield)
rNeg    . . .      Spirit   .   r - +0 leather armour
rPois   .          Reflect  .   (no helmet)
rElec   +          Harm     .   (no cloak)
rCorr   .          Rampage  .   (no gloves)
Will    .....                   (no boots)
Stlth   +++.......              (no amulet)
HPRegen 0.15/turn               (no ring)
MPRegen 0.16/turn               (no ring)

@: no status effects
A: no striking features
a: Renounce Religion


You were on level 6 of the Dungeon.
You worshipped Vehumet.
Vehumet was noncommittal.
You visited 2 branches of the dungeon, and saw 7 of its levels.

You collected 256 gold pieces.

Inventory:

Hand Weapons
 f - a +0 spear
 m - a +0 dagger
 p - a +0 dagger of venom
 s - a +1 vampiric dagger
 v - a +0 hand axe
 y - the +8 mace "Killer Bee's Regret" (weapon) {flame, rElec Dex+2 Stlth+}
   (You found it on level 3 of the Dungeon)

   It burns those it strikes, dealing additional fire damage.
   Dex:       It affects your dexterity (+2).
   rElec:     It insulates you from electricity.
   Stlth:     It makes you more stealthy.
 G - a +0 falchion
Missiles
 u - 3 curare-tipped darts
 C - 5 poisoned darts
Armour
 a - a +0 robe
 l - a +0 ring mail
 r - a +0 leather armour (worn)
Magical Staves
 k - a staff of earth
Wands
 I - a wand of flame (28)
Scrolls
 e - 4 scrolls of teleportation
 j - 2 scrolls of enchant armour {unknown}
 o - 2 scrolls of immolation
 q - a scroll of blinking {unknown}
 t - 2 scrolls of enchant weapon {unknown}
 z - a scroll of brand weapon {unknown}
 A - a scroll of vulnerability {unknown}
 B - a scroll of amnesia {unknown}
 F - a scroll of identify
Potions
 b - 2 potions of magic
 c - 2 potions of resistance
 d - a potion of berserk rage
 g - a potion of cancellation
 h - 3 potions of lignification
 i - 2 potions of invisibility
 n - a potion of flight {unknown}
 w - a potion of curing
 x - a potion of ambrosia {unknown}
 D - 2 potions of might
 E - a potion of mutation {unknown}
 H - 2 potions of attraction {unknown}


   Skills:
 + Level 3.2 Fighting
 - Level 3.0 Dodging
 - Level 3.1 Stealth
 + Level 6.3 Spellcasting
 * Level 7.9 Conjurations
 * Level 6.0 Translocations


You had 12 spell levels left.
You knew the following spells:

 Your Spells              Type           Power      Damage    Failure   Level
a - Magic Dart            Conj           100%       1d8       1%          1
b - Searing Ray           Conj           98%        2d8       1%          2
c - Iskenderun's Mystic   Conj/Tloc      44%        2d10      7%          4

Your spell library contained the following spells:

 Spells                   Type           Power      Damage    Failure   Level
 Dazzling Flash           Conj/Hex       56%        N/A       7%          3
 Scorch                   Fire           16%        2d6       19%         2
 Flame Wave               Conj/Fire      28%        2d9       24%         4
 Fulminant Prism          Conj/Hex       14%        3d9       24%         4
 Frozen Ramparts          Ice            16%        1d3       34%         3
 Ice Form                 Ice/Tmut       8%         N/A       75%         4
 Summon Ice Beast         Ice/Summ       8%         N/A       75%         4
 Summon Cactus Giant      Summ           4%         N/A       100%        6


Dungeon Overview and Level Annotations

Branches:
Dungeon (6/15) Zot: 25824  Temple (1/1) D:6 Zot: 5955

Altars:
Ashenzari
Cheibriados
Dithmenos
Elyvilon
Fedhas
Gozag
Hepliaklqana
Makhleb
Qazlal
Ru
Sif Muna
Trog
Vehumet
Wu Jian
Xom
Zin
The Shining One

Shops:
D:3 [

Annotations:
D:3 1 runed translucent door, lotum's ghost, weakling DsFi
D:5 2 runed translucent doors, exclusion: door
D:6 Prince Ribbit


Message History

Vehumet accepts your kill.
Your Translocations skill increases to level 6!
Prince Ribbit comes into view.
There is an open door here.
There is an open door here.
A steam dragon comes into view.
The magic dart hits the steam dragon.
The steam dragon is lightly wounded.
The steam dragon breathes steam at you. The ball of steam hits you!!
Casting: Magic Dart (safe; 1% risk of failure)
Confirm with . or Enter, or press ? or * to list all spells.
Aiming: Searing Ray (safe; 1% risk of failure)
Press: ? - help, Shift-Dir - straight line, f/p - steam dragon
Aim: a steam dragon (steam, lightly wounded, catching its breath, 83% to hit)
The searing ray hits the steam dragon.
The steam dragon is moderately wounded. (Press . to maintain the ray.)
The searing ray hits the steam dragon but does no damage.
The steam dragon is moderately wounded.
The searing ray hits the steam dragon.
The steam dragon is moderately wounded.
The searing ray hits the steam dragon.
The steam dragon is heavily wounded.
You finish channelling your searing ray.
The steam dragon breathes steam at you. The ball of steam hits you!!
Ouch! That really hurt!
* * * LOW HITPOINT WARNING * * *
You hear a loud, deep croak!
Casting: Searing Ray (safe; 1% risk of failure)
Confirm with . or Enter, or press ? or * to list all spells.
Aiming: Searing Ray (safe; 1% risk of failure)
Press: ? - help, Shift-Dir - straight line, f/p - steam dragon
Aim: a steam dragon (heavily wounded, catching its breath, 83% to hit)
The searing ray hits the steam dragon!
The steam dragon is severely wounded. (Press . to maintain the ray.)
You are engulfed in a cloud of scalding steam.
You die...

##.........# #..#######.#
#..# #...# # ####'####
#.###########.#
#.......###.............#
#.⌠...⌠.#.....#......####.#
#.......#....§.............
#.⌠...⌠.##.##§#.##.#.####..
#.......##.##@#.#......
#.⌠...⌠.##.##D#.#..#.##.#
#...<...##.##.#.#..#.# ..
#########..##.#.##.#.# .#
#####.#..F.#.# # #.####.#.#
#.. #.# ...


You could see a steam dragon (catching breath).

Vanquished Creatures
  Eustachio (D:5)
  A steam dragon (D:5)
  A sky beast (D:6)
  A black bear (D:4)
  2 ice beasts
  An ogre (D:5)
  A phantom (D:5)
  A bullfrog (D:6)
  2 scorpions
  A howler monkey (D:6)
  2 hounds
  An orc priest (D:6)
  A jelly (D:4)
  4 iguanas
  7 gnolls
  3 adders
  A worm (D:3)
  3 dart slugs
  11 orcs
  11 endoplasms
  13 goblins
  A hobgoblin (D:1)
  2 jackals (D:3)
  13 kobolds
  5 quokkas
  6 ball pythons
  3 bats
  7 rats
106 creatures vanquished.

Notes
Turn   | Place    | Note
-------+----------+-------------------------------------------
     0 | D:1      | mortz the Deep Elf Conjurer began the quest for the Orb.
     0 | D:1      | Reached XP level 1. HP: 10/10 MP: 6/6
   295 | D:1      | Reached XP level 2. HP: 15/15 MP: 6/8
   611 | D:1      | Learned a level 2 spell: Searing Ray
   619 | D:1      | Reached XP level 3. HP: 19/19 MP: 5/10
  2021 | D:3      | Found Wyheaw's Armour Shop.
  2098 | D:2      | Reached XP level 4. HP: 24/24 MP: 9/11
  2103 | D:2      | Learned a level 4 spell: Iskenderun's Mystic Blast
  2199 | D:3      | Reached skill level 5 in Conjurations
  2428 | D:3      | Identified the +8 mace "Killer Bee's Regret" {flame, rElec
                  | Dex+2 Stlth+}
  2469 | D:3      | Found a runed translucent door.
  2482 | D:3      | Reached skill level 1 in Fighting
  2792 | D:3      | Noticed lotum's ghost (weakling DsFi)
  2894 | D:4      | Reached skill level 1 in Translocations
  3073 | D:4      | Noticed a scorpion
  3079 | D:4      | Killed a scorpion
  3080 | D:4      | Reached XP level 5. HP: 29/29 MP: 6/13
  3505 | D:5      | Entered Level 5 of the Dungeon
  3572 | D:5      | Noticed an ice beast
  3620 | D:5      | Noticed a steam dragon
  3640 | D:5      | Killed an ice beast
  3641 | D:5      | Reached XP level 6. HP: 34/34 MP: 5/14
  3978 | D:5      | Reached skill level 6 in Conjurations
  4060 | D:5      | Killed a steam dragon
  4061 | D:5      | Reached skill level 5 in Spellcasting
  4061 | D:5      | Reached XP level 7. HP: 28/40 MP: 6/16
  4776 | D:5      | Noticed Eustachio
  4873 | D:5      | Killed Eustachio
  4874 | D:5      | Reached skill level 7 in Conjurations
  4874 | D:5      | Reached skill level 5 in Translocations
  5006 | D:5      | Noticed a vampire
  5235 | D:5      | Found a large runed translucent door.
  5236 | D:5      | Found a large runed translucent door.
  5302 | D:6      | Reached XP level 8. HP: 38/45 MP: 11/18
  5680 | D:6      | Found a staircase to the Ecumenical Temple.
  5688 | Temple   | Entered the Ecumenical Temple
  5688 | Temple   | Found a transporter.
  5688 | Temple   | Found a transporter.
  5690 | Temple   | Found a transporter.
  5690 | Temple   | Found a transporter.
  5704 | Temple   | Became a worshipper of Vehumet
  6418 | D:6      | Noticed Prince Ribbit
  6480 | D:6      | Engulfed by a steam dragon's steam

Illustrated notes

Levels and vault maps discovered:
D:1:      dpeg_arrival_tiny_d, layout_basic, st_stairs_4, minmay_misc_feat_tiny,
          due_unseen_surprise
D:2:      layout_basic, minmay_misc_feat_enclosed
D:3:      layout_rooms, serial_shops, nicolae_shop_hallway_stairs,
          ebering_ghost_sewer_d, dk_noncrumbling_4, item_on_display_a
D:4:      layout_loops_ring
D:5:      layout_cave_pools, jmf_multi_god_temple2, kennysheep_nondescript,
          kennysheep_generic_room_16, uniq_eustachio
D:6:      layout_basic, minmay_temple_entry_drinking_statues,
          roderic_cross_of_infinity, grunt_ministairs_3, nrook_campfire,
          uniq_prince_ribbit1
Temple:   hellmonk_temple_divided_pantheon

Skill      XL: |  1  2  3  4  5  6  7  8 |
---------------+-------------------------+-----
Stealth        | 3 |  3.1
Dodging        | 3 |  3.0
Spellcasting   | 4 5 6 |  6.3
Conjurations   | 5 6 7 |  7.9
Fighting       | 1 2 3 |  3.2
Translocations | 2 3 5 6 |  6.0

Action                   |  1- 3 |  4- 6 |  7- 9 || total
-------------------------+-------+-------+-------++-------
Melee: Mace              |       |    12 |    10 ||    22
 Cast: Magic Dart        |    78 |    30 |    25 ||   133
       Searing Ray       |       |    15 |    24 ||    39
  Use: Scroll            |     6 |     2 |       ||     8
       Potion            |       |       |     2 ||     2
 Stab: Sleeping          |       |     5 |       ||     5
Armor: Leather armour    |     1 |     3 |    19 ||    23
Dodge: Dodged            |     2 |    14 |    58 ||    74
